 Dungeon Crawl Stone Soup version 0.30-a0-629-gd54f4be4f7 (webtiles) character file.

Game seed: 3519377965178843315

459 kae the Changer (level 6, -3/51 HPs)
             Began as a Demonspawn Transmuter on Jan 12, 2023.
             Slain by a hound (5 damage)
             ... on level 4 of the Dungeon.
             The game lasted 00:03:38 (3468 turns).

kae the Changer (Demonspawn Transmuter)             Turns: 3468, Time: 00:03:39

Health: -3/51      AC:  6    Str: 10    XL:     6   Next: 78%
Magic:  8/11       EV: 10    Int: 21    God:
Gold:   162        SH:  0    Dex: 13    Spells: 1/11 levels left

rFire   x . .      SeeInvis .      - Unarmed
rCold   + + +      Faith    .    (shield currently unavailable)
rNeg    . . .      Spirit   .    (body armour currently unavailable)
rPois   +          Reflect  .    (helmet currently unavailable)
rElec   .          Harm     .    (cloak currently unavailable)
rCorr   .          Rampage  .    (gloves currently unavailable)
Will    ++...                    (boots currently unavailable)
Stlth   +                        (no amulet)
HPRegen 0.28/turn                c - ring of willpower
MPRegen 0.24/turn                o - ring "Zomyoley" {Will+ Int+4}

@: brilliant, lethally poisoned (-3 -> -10), ice-form
A: freezing attack, amphibious, boosted hp, large, (horns 1), (large bone plates
1), ignite blood 1, magic regeneration
a: End Transformation


You were on level 4 of the Dungeon.
You were a creature of crystalline ice.
You visited 1 branch of the dungeon, and saw 4 of its levels.

You collected 162 gold pieces.


Innate Abilities, Weirdness & Mutations

You are a creature of crystalline ice.
You have a powerful freezing melee attack.
You are amphibious.
Your maximum health is increased.
Your armour is entirely melded.
You are incapable of wielding weapons or throwing items.
((You have a pair of small horns on your head.))
((You are partially covered in large bone plates. (SH +4)))
Your demonic aura sometimes causes spilled blood to erupt in flames.
You regenerate magic rapidly.


   Skills:
 - Level 1.0 Fighting
 - Level 1.7 Dodging
 + Level 3.9 Unarmed Combat
 + Level 3.4 Spellcasting
 * Level 4.5 Transmutations
 * Level 1.5 Ice Magic
 - Level 1.7 Poison Magic


You had one spell level left.
You knew the following spells:

 Your Spells              Type           Power      Damage    Failure   Level
a - Beastly Appendage     Tmut           68%        N/A       1%          1
b - Wereblood             Tmut           34%        N/A       3%          2
c - Spider Form           Tmut/Pois      25%        N/A       11%         3
d - Ice Form              Ice/Tmut       24%        N/A       36%         4

Your spell library contained the following spells:

 Spells                   Type           Power      Damage    Failure   Level
 Manifold Assault         Tloc           5%         N/A       77%         4
 Freezing Cloud           Conj/Ice/Air   4%         6-21      96%         5
 Dispersal                Tloc           2%         N/A       100%        6
 Simulacrum               Ice/Necr       5%         N/A       100%        6
 Disjunction              Tloc           2%         N/A       100%        8
 Polar Vortex             Ice            7%         N/A       100%        9

Inventory:

Missiles
 d - a throwing net {=f!f}
 g - 51 stones
 l - 2 poisoned darts
Armour
 a - a +0 robe (melded)
Jewellery
 c - a ring of willpower (left front paw)
   (You found it on level 1 of the Dungeon)
 o - the ring "Zomyoley" (right front paw) {Will+ Int+4}
   (You found it on level 2 of the Dungeon)

   [ring of willpower]

   Int:       It affects your intelligence (+4).
   Will:      It increases your willpower.
 N - a ring of positive energy
   (You took it off an orc on level 2 of the Dungeon)
Scrolls
 f - 2 scrolls of identify {@r1}
 h - 4 scrolls of teleportation {@r4}
 j - a scroll of brand weapon {unknown}
Potions
 b - 3 potions of lignification {!q}
 e - a potion of mutation {!q}
 i - 2 potions of heal wounds {unknown}
 k - 4 potions of curing {unknown}
 m - a potion of brilliance
 n - a potion of might {unknown}
 p - 2 potions of magic {unknown}
 q - 2 potions of ambrosia

Dungeon Overview and Level Annotations

Branches:
Dungeon (4/15) Zot: 20545
 Temple: D:4-7

Altars:

......... ...#..... .........
.......# ###.. .##.....# ......
........# ...... ......ho## .##
...... #.†Y.# ..####.....
..#.)..#####......##..
........)..........##..
#......................
#...#...$..(..#........
####.............#........
#................#........
#......................##.
#######.................#....##+


You could see a hound and an orc.


Message History

Things that are here:
a +1 heavy flail; a +0 leather armour; the human corpse of Edmund 😕 HP[+1] Key pressed, stopping explore.
Unknown command. 😎 HP[+4] MP[+4]
Your hp is fully restored (51).
Your mp is fully restored (11).
An orc comes into view. It is wielding a +0 club.
The orc shouts!
You hear a shout!
Unknown command.
An orc is nearby!
An orc is nearby!
An orc is nearby!
You see here 3 poisoned darts.
Your transformation is almost over.
The orc hits you but does no damage.
You hit the orc. You freeze the orc. The orc hits you but does no damage.
An orc priest comes into view. It is wielding a +2 mace of holy wrath.
You barely miss the orc. You punch the orc! You freeze the orc.
You kill the orc!
A kobold comes into view. It is wielding a +0 dagger of venom.
A howler monkey comes into view.
There are monsters nearby!
The howler monkey howls!
You hear a shout!
Things that are here:
a +0 club; an orc corpse
There are monsters nearby!
Unknown command.
There are monsters nearby!
The orc priest calls down the wrath of Beogh upon you.
Beogh smites you!
A hound comes into view.
The howler monkey misses you.
The hound barks!
You punch the orc priest! You freeze the orc priest.
You kill the orc priest!
You warm up again.
Your +0 robe unmelds from your body.
The kobold hits you with a +0 dagger of venom.
You are poisoned.
An orc comes into view.
It is wielding a +1 flail of protection.
The howler monkey hits you.
There are monsters nearby!
You hit the howler monkey.
You feel very sick.
The kobold hits you with a +0 dagger of venom.
The howler monkey misses you. 😮 HP[-26]
You now have 43 max hp (-8).
You take 26 damage, and now have 25/43 hp.
MASSIVE DAMAGE!! (PAUSE)
Casting: Ice Form (extremely dangerous; 36% risk of failure)
Confirm with . or Enter, or press ? or * to list all spells.
The spell is extremely dangerous to miscast (36% risk of failure)!
Continue anyway? [Y]es or [N]o only, please.
The spell is extremely dangerous to miscast (36% risk of failure)!
Continue anyway?
You turn into a creature of crystalline ice.
Your +0 robe melds into your body.
You feel sick. The kobold barely misses you.
The howler monkey barely misses you. 😮 HP[+3] MP[-4]
You now have 51 max hp (+8).
You regained 3 hp, and now have 28/51 hp.
You lost 4 mp, and now have 7/11 mp.
You barely miss the kobold.
You feel sick.
The kobold hits you with a +0 dagger of venom.
* * * LOW HITPOINT WARNING * * *
You are more poisoned.
The howler monkey hits you but does no damage. 😨 HP[-5]
You take 5 damage, and now have 23/51 hp.
You punch the kobold! You freeze the kobold.
You kill the kobold!
You feel very sick. The hound bites you.
* * * LOW HITPOINT WARNING * * *
The howler monkey hits you.
* * * LOW HITPOINT WARNING * * *
You punch the howler monkey! You freeze the howler monkey.
* * * LOW HITPOINT WARNING * * *
You feel very sick. The hound closely misses you. The howler monkey hits you.
* * * LOW HITPOINT WARNING * * *
The hound bites you but does no damage. 😱 HP[-16]
You take 16 damage, and now have 7/51 hp.
MASSIVE DAMAGE!! (PAUSE)
You punch the howler monkey! You freeze the howler monkey.
You kill the howler monkey!
* * * LOW HITPOINT WARNING * * *
You feel very sick.
The hound closely misses you. 😱 HP[-3] MP[+1]
You take 3 damage, and now have 4/51 hp.
It was a potion of brilliance.
You feel clever all of a sudden.
* * * LOW HITPOINT WARNING * * *
You feel sick. The hound barely misses you. The orc completely misses you.
The hound bites you.
You die...

Skill      XL: |  1  2  3  4  5  6 |
---------------+-------------------+-----
Transmutations | 2 3 4 |  4.5
Unarmed Combat | 3 |  3.9
Poison Magic   | 1 |  1.7
Spellcasting   | 3 |  3.4
Ice Magic      | 1 |  1.5
Fighting       | |  1.0
Dodging        | |  1.7

Action                   |  1- 3 |  4- 6 || total
-------------------------+-------+-------++-------
Melee: Unarmed           |   120 |   102 ||   222
       Kick              |    25 |    12 ||    37
       Headbutt          |    14 |     7 ||    21
       Punch             |     3 |     2 ||     5
 Cast: Beastly Appendage |    30 |    16 ||    46
       Spider Form       |       |     6 ||     6
       Wereblood         |       |     1 ||     1
       Ice Form          |       |     2 ||     2
  Use: Scroll            |       |    11 ||    11
       Potion            |       |     1 ||     1
 Stab: Sleeping          |     1 |       ||     1
Armor: Robe              |    15 |    13 ||    28
       Skin              |       |     4 ||     4
Dodge: Dodged            |    73 |    78 ||   151
Block: Other             |    13 |     8 ||    21

Levels and vault maps discovered:
D:1:      mrwooster_arrival_statue, layout_basic, minmay_hexomino_r4
D:2:      layout_basic, shapermc_ecumenical_altar_mp_ritualfount,
          grunt_ministairs_15, chequers_serial_rivers_micro_e,
          minmay_box_of_dots
D:3:      layout_basic, serial_curves, eino_curves_02, eino_curves_02
D:4:      layout_basic, uniq_edmund

Notes
Turn   | Place    | Note
-------+----------+-------------------------------------------
     0 | D:1      | kae the Demonspawn Transmuter began the quest for the Orb.
     0 | D:1      | Reached XP level 1. HP: 15/15 MP: 3/3
     0 | D:1      | magus.rc [v1.11.3]
   229 | D:1      | Reached skill level 2 in Transmutations
   313 | D:1      | HP: 3/15 [kobold/+0 club (4)]
   383 | D:1      | Gained mutation: Your demonic aura sometimes causes spilled
                  | blood to erupt in flames. [demonic ancestry]
   383 | D:1      | Reached XP level 2. HP: 21/21 MP: 1/5
   617 | D:1      | You pick up a book of the Warp and begin reading...
   617 | D:1      | You add the spells Manifold Assault, Dispersal and
                  | Disjunction to your library.
   946 | D:1      | Reached skill level 3 in Unarmed Combat
  1012 | D:1      | Gained mutation: You are partially covered in large bone
                  | plates. (SH +4) [demonic ancestry]
  1012 | D:1      | Reached XP level 3. HP: 26/26 MP: 4/6
  1017 | D:1      | Learned a level 2 spell: Wereblood
  1021 | D:1      | Learned a level 3 spell: Spider Form
  1357 | D:2      | Reached skill level 1 in Poison Magic
  1394 | D:2      | Found a faded altar of an unknown god.
  1482 | D:2      | Identified the ring "Zomyoley" {Will+ Int+4}
  1557 | D:2      | Reached XP level 4. HP: 18/32 MP: 5/7
  1791 | D:2      | Reached skill level 3 in Transmutations
  1820 | D:2      | You pick up a book of Ice and begin reading...
  1820 | D:2      | You add the spells Freezing Cloud, Simulacrum and Polar
                  | Vortex to your library.
  2023 | D:2      | HP: 8/32 [poisoned by an adder]
  2028 | D:2      | HP: 4/32 [poisoned by an adder]
  2277 | D:2      | You pick up a book of Changes and begin reading...
  2588 | D:3      | Noticed an ogre
  2598 | D:3      | Killed an ogre
  2599 | D:3      | Gained mutation: You regenerate magic rapidly. [demonic
                  | ancestry]
  2599 | D:3      | Reached XP level 5. HP: 31/37 MP: 4/9
  2682 | D:3      | Reached skill level 3 in Spellcasting
  2977 | D:3      | You pick up a book of Changes and begin reading...
  3014 | D:3      | Identified the +1 leather armour of Moral Flaws {-Tele
                  | Int+4}
  3224 | D:4      | Reached skill level 4 in Transmutations
  3231 | D:4      | Gained mutation: You have a pair of small horns on your
                  | head. [demonic ancestry]
  3231 | D:4      | Reached XP level 6. HP: 43/43 MP: 5/10
  3240 | D:4      | Learned a level 4 spell: Ice Form
  3387 | D:4      | Noticed Edmund
  3420 | D:4      | Killed Edmund
  3421 | D:4      | Reached skill level 1 in Ice Magic
  3466 | D:4      | HP: 10/51 [poisoned by a kobold]
  3467 | D:4      | HP: 4/51 [poisoned by a kobold]
  3468 | D:4      | Slain by a hound

Vanquished Creatures
  Edmund (D:4)
  A howler monkey (D:4)
  An orc priest (D:4)
  An iguana (D:3)
  5 adders
  4 gnolls (D:4)
  A worm (D:2)
  A dart slug (D:2)
  7 orcs
  8 endoplasms
  7 goblins
  7 hobgoblins
  7 quokkas
  5 ball pythons
  4 bats
  8 frilled lizards
  11 kobolds
  6 rats
85 creatures vanquished.

Vanquished Creatures (collateral kills)
  An ogre (D:3)
1 creature vanquished.

Vanquished Creatures (others)
  2 fungi (D:2)
  3 plants (D:2)
5 creatures vanquished.

Grand Total: 91 creatures vanquished

Table legend:
 A = Non-vault XP
 B = Vault XP
 C = Vault XP percentage of total XP
 D = Non-vault monster count
 E = Vault monster count
 F = Vault count percentage of total count
                 A         B        C        D         E       F
            +---------+---------+-------+---------+---------+-------
      Total |     474 |     183 |  27.9 |      76 |      10 |  11.6
            +---------+---------+-------+---------+---------+-------
        D:1 |      39 |       7 |  15.2 |      27 |       4 |  12.9
        D:2 |      68 |      19 |  21.8 |      23 |       5 |  17.9
        D:3 |     190 |       0 |   0.0 |      13 |       0 |   0.0
        D:4 |     177 |     157 |  47.0 |      13 |       1 |   7.1
            +---------+---------+-------+---------+---------+-------

Illustrated notes

Table legend:
 A = Kills in this place as a percentage of kills in entire the game.
 B = Kills by you in this place as a percentage of kills by you in the entire game.
 C = Kills by friends in this place as a percentage of kills by friends in the entire game.
 D = Other kills in this place as a percentage of other kills in the entire game.
 E = Experience gained in this place as a percentage of experience gained in the entire game.
 F = Experience gained in this place divided by the number of levels of this place that you have seen.
                   A       B       C       D       E      F
               +-------+-------+-------+-------+-------+----------------------
         Total | 100.0 | 100.0 | 100.0 |   N/A | 100.0 | 164.2
       Dungeon | 100.0 | 100.0 | 100.0 |   N/A | 100.0 | 164.2
               +-------+-------+-------+-------+-------+----------------------

Table legend: (Time is in decaauts)
 A = Elapsed time spent in this place.
 B = Non-inter-level travel time spent in this place.
 C = Inter-level travel time spent in this place.
 D = Time resting spent in this place.
 E = Time spent auto-exploring this place.
 F = Levels seen in this place.
 G = Mean time per level.
                   A        B        C        D        E       F      G
               +--------+--------+--------+--------+--------+-----+--------+
         Total |   3453 |   3389 |     64 |     20 |   2740 |   4 |  863.2 |
       Dungeon |   3453 |   3389 |     64 |     20 |   2740 |   4 |  863.2 |
               +--------+--------+--------+--------+--------+-----+--------+

Top non-repeatable levels by time:
     D:2: 1381 daAuts
     D:1: 1152 daAuts
     D:3: 625 daAuts
     D:4: 293 daAuts
